 Dungeon Crawl Stone Soup version 0.18.1-48-g4cf74bf (webtiles) character file.

75107 Mellonil the Cleaver (level 15, -5/136 HPs)
             Began as a Hill Orc Fighter on Aug 8, 2016.
             Was the Champion of Makhleb.
             Slain by a flying skull (6 damage)
             ... on level 2 of the Abyss on Aug 11, 2016.
             The game lasted 03:11:31 (25726 turns).

Mellonil the Cleaver (Hill Orc Fighter)            Turns: 25726, Time: 03:11:32

Health: -5/136     AC: 22    Str: 29      XL:     15   Next: 49%
Magic:  0/22       EV:  8    Int:  9 (10) God:    Makhleb [******]
Gold:   2162       SH: 13    Dex: 10      Spells: 0 memorised, 14 levels left

rFire  + . .     SeeInvis .     Q - +3 war axe (elec)
rCold  + . .     Gourm    .     D - +0 storm dragon armour
rNeg   + . .     Faith    .     c - +0 shield
rPois  .         Spirit   +     F - +1 helmet
rElec  +         Dismiss  .     M - +1 cloak
rCorr  .         Reflect  .     C - +0 pair of gloves
SustAt .         Harm     .     (no boots)
MR     +....                    U - amulet of guardian spirit
Stlth  ..........               P - ring "Ivaqeroe" {rF+ rC+ Str+5}
                                V - ring of positive energy

@: non-regenerating, mildly diseased, somewhat resistant to hostile
enchantments, extremely unstealthy
A: talons 2, molten scales 1
a: Minor Destruction, Lesser Servant of Makhleb, Major Destruction, Greater
Servant of Makhleb, Renounce Religion


You were on level 2 of the Abyss.
You worshipped Makhleb.
Makhleb was exalted by your worship.
You were hungry.

You visited 3 branches of the dungeon, and saw 21 of its levels.
You visited the Abyss 1 time.
You also visited: Labyrinth, Sewer, Ossuary and Ice Cave.

You collected 2504 gold pieces.
You spent 342 gold pieces at shops.

Inventory:

Hand Weapons
 h - a +1 scimitar of flaming
 i - the +0 hand axe of Success {distort, rPois MR- Int-5 SInv}
   (You found it on level 8 of the Lair of Beasts)

   It warps and distorts space around it.
   Unwielding it can cause banishment or high damage.
   It affects your intelligence (-5).
   It protects you from poison.
   It affects your resistance to hostile enchantments.
   It lets you see invisible.
 o - a +1 hunting sling
 H - a +0 greatsling of flaming
 Q - a +3 war axe of electrocution (weapon)
 S - a +1 morningstar of freezing
Missiles
 L - 34 sling bullets
Armour
 c - a +0 shield (worn)
 C - a +0 pair of gloves (worn)
 D - a +0 storm dragon armour (worn)
 F - a +1 helmet (worn)
 M - a +1 cloak (worn)
Jewellery
 j - an uncursed ring of protection from fire
 w - an uncursed ring of protection from magic
 z - an uncursed ring of poison resistance {unknown}
 B - an uncursed ring of protection from fire
 K - an uncursed ring of protection from cold
 P - the ring "Ivaqeroe" (right hand) {rF+ rC+ Str+5}
   (You found it in an ice cave)

   [ring of protection from fire]

   It affects your strength (+5).
   It protects you from fire.
   It protects you from cold.
 U - an amulet of guardian spirit (around neck)
 V - a ring of positive energy (left hand)
 X - an uncursed ring of sustain attributes
Wands
 e - a wand of flame (20/48)
 p - a wand of iceblast (3/15)
 A - a wand of iceblast (3/15)
 E - a wand of disintegration (1/24)
 J - a wand of iceblast (8/15)
 R - a wand of slowing (29/48)
 T - a wand of lightning (8/15)
Scrolls
 a - 5 scrolls of teleportation
 d - 10 scrolls of remove curse
 r - 3 scrolls of amnesia
 y - a scroll of holy word
 G - 6 scrolls of recharging
 I - 3 scrolls of fog
 O - 4 scrolls of magic mapping
 Y - a scroll of enchant weapon
 Z - a scroll of enchant armour
Potions
 b - a potion of brilliance {unknown}
 g - 2 potions of resistance
 l - 6 potions of curing
 m - 3 potions of cure mutation
 n - a potion of agility
 t - 3 potions of haste
 u - 4 potions of flight
 x - a potion of heal wounds
Comestibles
 f - 23 bread rations
 k - 3 royal jellies
 q - 8 meat rations
 s - 2 slices of pizza
 N - 11 beef jerkies


   Skills:
 + Level 13.2 Fighting
 + Level 14.2 Axes
 - Level 10.0 Slings
 + Level 11.8 Armour
 + Level 12.2 Shields
 - Level 10.0 Invocations
 - Level 10.4 Evocations


You had 14 spell levels left.
You didn't know any spells.

Dungeon Overview and Level Annotations

Branches:
Dungeon (12/15)            Temple (1/1) D:4            Lair (8/8) D:8
  Swamp (0/4) Lair:5       Spider (0/4) Lair:6        Slime (0/6) Lair:7
    Orc (0/2) D:11

Altars:
Ashenzari
Cheibriados
Dithmenos
Elyvilon
Fedhas
Gozag
Kikubaaqudgha
Makhleb
Nemelex Xobeh
Okawaru
Pakellas
Qazlal
Ru
Sif Muna
Trog
Vehumet
Xom
Yredelemnul
Zin
The Shining One
Jiyva

Shops:
D:7 !   D:8 (   D:12 =

Annotations:
D:9 Gastronok
Lair:1 exclusion: oklob plant


Innate Abilities, Weirdness & Mutations

You have razor-sharp toenails.
You are partially covered in molten scales (AC +1).


Message History

You closely miss the flying skull.
You hit the stone giant zombie but do no damage.
The flying skull barely misses you.
The blizzard demon waves its arms in wide circles.
The air twists around and strikes you!
You slice the blizzard demon!! Your kick misses the blizzard demon.
The blizzard demon is severely wounded.
You slash the stone giant zombie! You closely miss the flying skull.
You miss the flying skull. The flying skull hits you.
You block the stone giant zombie's attack.
You hit the blizzard demon.
The blizzard demon is severely wounded.
You hit the stone giant zombie. You hit the flying skull.
The flying skull is moderately damaged.
You slash the flying skull!
The flying skull is moderately damaged.
You hit the flying skull.
The flying skull is moderately damaged.
The flying skull hits you.
You die...

.. . . . . .. .#
........ ..... ...
#.....#.....# .. . ..
##...###...### . #
..#.....#.....#.. .
................. ..
.
.....................
. .
.._5.zzzzZ..........
. .#..5z@#.... . # .
##.Z2## .. ### . .
..#...X.#. . . .# .
....... ... ....
................... .
. ..........≈.. . .
...#.... #.Z...# ..
..###...###... .# ..
#. ... ..


You could see a tentacled starspawn, a blizzard demon, 5 flying skulls, a white
imp, an ice dragon simulacrum, an ufetubus and a stone giant zombie.

Vanquished Creatures
  The ghost of daning the Fencer, a journeyman HESk of Okawaru (Lair:7)
  The ghost of amentoraz the Fighter, a journeyman MiBe of Trog (IceCv)
  An eidolon (Abyss:2)
  A minotaur (Lab)
  Harold (Lair:2)
  2 ice dragons (IceCv)
  5 hydras
  A centaur warrior (D:10)
  A catoblepas (Lair:8)
  5 death yaks
  A soul eater (Abyss:2)
  A sun demon (Abyss:2)
  2 unseen horrors
  A wretched star (Abyss:2)
  2 hill giants (D:10)
  A deep elf mage (D:12)
  A necromancer (Abyss:2)
  An iron dragon zombie (Abyss:2)
  A lindwurm (Lair:8)
  A cyclops (D:11)
  4 ugly things
  2 worldbinders (Abyss:2)
  A griffon (Lair:8)
  A sixfirhy (Abyss:2)
  A shadow dragon skeleton (Abyss:2)
  A manticore (D:11)
  10 elephants
  7 black mambas
  2 ice statues (IceCv)
  A torpor snail (Lair:8)
  18 spiny frogs
  Psyche (D:8)
  12 komodo dragons
  2 demonic crawlers (Abyss:2)
  An efreet (D:12)
  5 rime drakes
  3 ancient zymes (Abyss:2)
  A hellwing (Abyss:2)
  A spriggan druid (Lair:4)
  A harpy zombie (Abyss:2)
  3 polar bears (Lair:4)
  3 trolls
  A jumping spider (Lair:6)
  3 large abominations (Abyss:2)
  2 giant leeches
  2 boulder beetles (Lair:8)
  A two-headed ogre (D:10)
  12 blink frogs
  3 raiju (Abyss:2)
  A flying skull (Abyss:2)
  A redback (Lab)
  47 yaks
  2 ynoxinuls (Abyss:2)
  4 wyverns
  4 basilisks
  3 fire bats (Lair:1)
  2 hungry ghosts
  A golden eye (Lair:7)
  Grum (D:10)
  13 hippogriffs
  A steam dragon (Lair:3)
  A neqoxec (Abyss:2)
  A mottled dragon (D:11)
  16 water moccasins
  A black bear (D:9)
  9 porcupines
  9 orc warriors
  2 sky beasts
  3 eyes of draining
  A wasp (D:11)
  19 ice beasts
  2 phantoms
  18 wolves
  5 ogres
  A necrophage (D:8)
  12 crocodiles
  10 centaurs
  2 big kobolds
  28 giant frogs
  2 wyvern skeletons
  5 small abominations (Abyss:2)
  A scorpion (D:6)
  6 killer bees (D:12)
  8 wights
  A howler monkey (D:10)
  7 crimson imps
  2 centaur zombies
  A giant frog zombie (D:10)
  A quasit (Abyss:2)
  7 hounds
  3 jellies
  3 centaur skeletons
  A giant frog skeleton (D:8)
  A gnoll shaman (D:7)
  11 orc priests
  25 orc wizards
  9 iguanas
  Jessica (D:2)
  11 worker ants
  Natasha (D:3)
  18 sheep
  A big kobold zombie (Ossuary)
  A hound zombie (D:8)
  8 mummies (Ossuary)
  A worker ant zombie (D:9)
  17 adders
  4 gnolls (D:7)
  44 river rats
  3 shadow imps
  12 white imps (D:12)
  3 ufetubi (Abyss:2)
  3 oozes
  An adder skeleton (D:6)
  A dart slug (D:1)
  14 giant geckos
  62 orcs
  A ball python (D:2)
  7 giant cockroaches
  2 gnoll zombies (Ossuary)
  5 goblins
  9 hobgoblins
  7 jackals
  18 kobolds
  8 quokkas
  6 bats
  4 giant newts
  A hobgoblin zombie (Ossuary)
  A jackal skeleton (D:7)
  2 kobold zombies (Ossuary)
  2 orc zombies (Ossuary)
  23 rats
  9 fungi
  4 plants
765 creatures vanquished.

Vanquished Creatures (others)
  Maurice (D:10)
  A spiny frog (Lair:8)
  A jelly (D:10)
  An orc wizard (D:8)
  22 fungi
  A lurking horror (Abyss:2)
  14 plants
41 creatures vanquished.

Grand Total: 806 creatures vanquished

Notes
Turn   | Place    | Note
--------------------------------------------------------------
     0 | D:1      | Mellonil the Hill Orc Fighter began the quest for the Orb.
     0 | D:1      | Reached XP level 1. HP: 19/19 MP: 1/1
    99 | D:1      | Reached skill level 3 in Axes
    99 | D:1      | Reached XP level 2. HP: 27/27 MP: 2/2
   465 | D:1      | Reached XP level 3. HP: 32/33 MP: 3/3
   956 | D:2      | Noticed Jessica
   959 | D:2      | Killed Jessica
   959 | D:2      | Reached XP level 4. HP: 29/41 MP: 4/4
  1753 | D:3      | Noticed Natasha
  1773 | D:3      | Killed Natasha
  1773 | D:3      | Reached XP level 5. HP: 9/47 MP: 5/5
  1887 | D:3      | Reached skill level 4 in Axes
  2608 | D:4      | Reached skill level 5 in Fighting
  2870 | D:4      | Reached XP level 6. HP: 40/56 MP: 6/6
  2992 | D:4      | Found a shattered altar of Ashenzari.
  3434 | D:4      | Found a staircase to the Ecumenical Temple.
  3443 | Temple   | Entered the Ecumenical Temple
  3541 | Temple   | Became a worshipper of Makhleb the Destroyer
  3645 | D:4      | Reached skill level 5 in Axes
  3839 | D:5      | Entered Level 5 of the Dungeon
  3875 | D:5      | Noticed an ice beast
  3893 | D:5      | Killed an ice beast
  3893 | D:5      | Reached skill level 1 in Invocations
  3916 | D:5      | Noticed an ice beast
  3929 | D:5      | Reached skill level 1 in Slings
  3929 | D:5      | Reached XP level 7. HP: 34/61 MP: 7/7
  3934 | D:5      | Reached skill level 5 in Shields
  3965 | D:5      | Reached skill level 5 in Armour
  4475 | D:5      | Found a glowing drain.
  4516 | D:5      | Reached * piety under Makhleb
  4519 | Sewer    | Entered a sewer
  4737 | Sewer    | Found a white marble altar of Elyvilon.
  4929 | D:5      | Reached XP level 8. HP: 54/70 MP: 9/9
  5110 | D:6      | Reached skill level 6 in Axes
  5471 | D:6      | Found a sand-covered staircase.
  5477 | Ossuary  | Entered an ossuary
  6137 | D:5      | Reached ** piety under Makhleb
  7027 | D:6      | Got a faintly glowing turquoise ring
  7028 | D:6      | Identified the ring of Sovereignty {rF- AC+3 Str+6} (You found it on level 6 of the Dungeon)
  7273 | D:6      | Reached skill level 7 in Axes
  7596 | D:6      | Reached XP level 9. HP: 78/78 MP: 12/12
  7897 | D:6      | Found a shadowy altar of Dithmenos.
  8300 | D:7      | Reached skill level 5 in Invocations
  8624 | D:7      | Found a burning altar of Makhleb.
  8737 | D:7      | Reached skill level 5 in Slings
  8744 | D:7      | Reached *** piety under Makhleb
  8908 | D:7      | Killed an unseen horror
  8908 | D:7      | Reached skill level 8 in Axes
  9269 | D:7      | Reached XP level 10. HP: 88/88 MP: 14/14
  9400 | D:7      | Found Ynaih's Distillery.
  9408 | D:7      | Bought a potion of mutation for 30 gold pieces
  9408 | D:7      | Bought a potion of heal wounds for 60 gold pieces
  9408 | D:7      | Bought a potion of haste for 120 gold pieces
  9408 | D:7      | Bought a potion of haste for 120 gold pieces
  9408 | D:7      | Bought a potion of degeneration for 12 gold pieces
  9750 | D:8      | Found Nung's Weapon Emporium.
 10009 | D:8      | Reached **** piety under Makhleb
 10191 | D:8      | Found a staircase to the Lair.
 10374 | D:8      | Noticed Psyche
 10386 | D:8      | Killed Psyche
 10444 | D:8      | Reached skill level 9 in Axes
 10743 | D:8      | Reached ***** piety under Makhleb
 11354 | D:9      | Found a shimmering altar of Xom.
 11354 | D:9      | Found a shimmering altar of Xom.
 11354 | D:9      | Found a shimmering altar of Xom.
 11371 | D:9      | Found a shimmering altar of Xom.
 11372 | D:9      | Found a shimmering altar of Xom.
 11373 | D:9      | Found a shimmering altar of Xom.
 11373 | D:9      | Found a shimmering altar of Xom.
 11374 | D:9      | Found a shimmering altar of Xom.
 11545 | D:9      | Reached XP level 11. HP: 94/95 MP: 16/16
 11680 | D:9      | Noticed Gastronok
 11727 | D:10     | Entered Level 10 of the Dungeon
 11737 | D:10     | Killed an unseen horror
 11823 | D:10     | Paralysed by fainting for 12 turns
 11939 | D:10     | Noticed Grum
 11950 | D:10     | Killed Grum
 12117 | D:10     | Noticed a hill giant
 12123 | D:10     | Killed a hill giant
 12123 | D:10     | Reached skill level 10 in Axes
 12184 | D:10     | Noticed a hill giant
 12198 | D:10     | Killed a hill giant
 12203 | D:10     | Noticed Maurice
 12203 | D:10     | Noticed a centaur warrior
 12211 | D:10     | Killed Maurice
 12217 | D:10     | Killed a centaur warrior
 12580 | D:10     | Gained mutation: You have sharp toenails. [potion of mutation]
 12580 | D:10     | Gained mutation: You have razor-sharp toenails. [potion of mutation]
 12580 | D:10     | Gained mutation: You are partially covered in molten scales (AC +1). [potion of mutation]
 12726 | D:11     | Noticed a cyclops
 12745 | D:11     | Killed a cyclops
 12745 | D:11     | Reached skill level 10 in Fighting
 12785 | D:11     | Noticed a red ugly thing
 12793 | D:11     | Noticed a white ugly thing
 12794 | D:11     | Noticed a white ugly thing
 12794 | D:11     | Noticed a red ugly thing
 12804 | D:11     | Noticed a manticore
 12804 | D:11     | Killed a white ugly thing
 12804 | D:11     | Reached XP level 12. HP: 88/106 MP: 0/18
 12907 | D:10     | Reached ****** piety under Makhleb
 13574 | D:11     | Reached skill level 11 in Axes
 13581 | D:11     | Found a staircase to the Orcish Mines.
 13990 | D:12     | Found Qemnoise's Jewellery Boutique.
 14062 | D:12     | Found a frozen archway.
 14095 | IceCv    | Entered an ice cave
 14137 | IceCv    | Noticed amentoraz's ghost (journeyman MiBe)
 14147 | IceCv    | Killed amentoraz's ghost
 14621 | IceCv    | Noticed an ice dragon
 14643 | IceCv    | Killed an ice dragon
 14732 | IceCv    | Noticed an ice dragon
 14748 | IceCv    | Killed an ice dragon
 14858 | IceCv    | Got an ancient glass ring
 14898 | IceCv    | Identified the ring "Ivaqeroe" {rF+ rC+ Str+5} (You found it in an ice cave)
 15344 | D:12     | Reached skill level 10 in Invocations
 15493 | D:12     | Found a shimmering altar of Xom.
 15502 | D:12     | Reached skill level 10 in Slings
 15681 | D:12     | Reached XP level 13. HP: 115/115 MP: 20/20
 15771 | D:12     | Reached skill level 1 in Evocations
 16013 | Lair:1   | Entered Level 1 of the Lair of Beasts
 16630 | Lair:1   | Reached skill level 10 in Shields
 17027 | Lair:2   | Reached skill level 10 in Armour
 17070 | Lair:2   | Reached skill level 12 in Axes
 17170 | Lair:2   | Noticed Harold
 17182 | Lair:2   | Killed Harold
 17907 | Lair:3   | Reached skill level 5 in Evocations
 19587 | Lair:5   | Found a staircase to the Swamp.
 19875 | Lair:5   | Reached XP level 14. HP: 124/125 MP: 21/21
 20475 | Lair:6   | Found a hole to the Spider Nest.
 21135 | Lair:7   | Found a labyrinth entrance.
 21185 | Lair:7   | Reached skill level 13 in Axes
 21208 | Lab      | Entered a labyrinth
 21709 | Lab      | Identified the Collected Works on Earthen Toxins
 21956 | Lair:7   | Noticed daning's ghost (journeyman HESk)
 22269 | Lair:7   | Killed daning's ghost
 22739 | Lair:7   | Found a viscous altar of Jiyva.
 22739 | Lair:7   | Found a staircase to the Slime Pits.
 23315 | Lair:8   | Entered Level 8 of the Lair of Beasts
 23555 | Lair:8   | Reached XP level 15. HP: 115/134 MP: 17/22
 24083 | Lair:8   | Identified the Catalogue of Arcane Weapons (You found it on level 8 of the Lair of Beasts)
 24129 | Lair:8   | Found an iron altar of Okawaru.
 24173 | Lair:8   | Reached skill level 10 in Evocations
 24473 | Lair:8   | Got a scorched hand axe
 25132 | Lair:8   | Identified the cursed +0 hand axe of Success {distort, rPois MR- Int-5 SInv} (You found it on level 8 of the Lair of Beasts)
 25134 | Lair:8   | Cast into level 2 of the Abyss (a distortion unwield)
 25454 | Abyss:2  | Reached skill level 14 in Axes
 25573 | Abyss:2  | Found a corrupted altar of Lugonu.
 25602 | Abyss:2  | Found a corrupted altar of Lugonu.
 25718 | Abyss:2  | Noticed a tentacled starspawn
 25723 | Abyss:2  | HP: 1/136 [stone giant zombie (17)]
 25726 | Abyss:2  | Slain by a flying skull

Skill      XL: |  1  2  3  4  5  6  7  8  9 10 11 12 13 14 15 |
---------------+----------------------------------------------+-----
Axes           | 3 4 5 7 8 9 10 11 12 13 14 | 14.2
Fighting       | 4 5 6 7 8 10 11 12 13 | 13.2
Armour         | 4 5 6 7 8 9 10 11 | 11.8
Shields        | 4 5 6 7 8 9 10 11 12 | 12.2
Invocations    | 1 2 4 5 7 9 10 | 10.0
Slings         | 1 2 4 5 7 8 10 | 10.0
Evocations     | 6 9 10 | 10.4

Action                   |  1- 3 |  4- 6 |  7- 9 | 10-12 | 13-15 || total
-------------------------+-------+-------+-------+-------+-------++-------
Melee: War axe           |   134 |   199 |   652 |   947 |  1219 ||  3151
       Kick              |       |       |       |   141 |   447 ||   588
       Scimitar          |       |       |       |       |    42 ||    42
 Fire: Hunting sling     |       |    10 |    17 |     2 |       ||    29
Throw: Stone             |       |       |       |     1 |       ||     1
Evoke: Wand              |       |       |       |       |     3 ||     3
  Use: Potion            |     1 |     1 |     3 |     4 |     5 ||    14
       Scroll            |       |       |    16 |    16 |    12 ||    44
  Eat: Chunk             |     1 |     9 |    17 |    22 |    26 ||    75
       Fruit             |       |       |     1 |     6 |     6 ||    13
       Pizza             |       |       |     1 |       |     2 ||     3
Armor: Scale mail        |    51 |    67 |    34 |       |       ||   152
       Storm dragon armo |       |       |   374 |   433 |   662 ||  1469
Dodge: Dodged            |    34 |    57 |   147 |   199 |   354 ||   791
Block: Shield            |    72 |    84 |   330 |   420 |   754 ||  1660
